Cogmind - Beta 9.6 @@@ ROGUE MODE // 2020.08.26 @ 16:11:13 Player: Cracklepappy Result: Self-destructed Performance ------------- Evolutions (1) 500 Regions Visited (5) 1000 Robots Destroyed (51) 255 Value Destroyed (1182) 1182 Prototype IDs (2) 40 Alien Tech Used (0) 0 Bonus (44) 44 TOTAL SCORE: 3021 Bonus ------- High Alert Combat Kills 44 Cogmind --------- Core Integrity 332/400 Matter 290/300 Energy 250/250 System Corruption 0% Temperature Cool (0) Movement Treading (200) Ox2 Location -9/Exiles Parts ------- > --- POWER (1) -------- Ion Engine > --- PROPULSION (2) --- Light Treads Light Treads > --- UTILITY (4) ------ Heat Sink Humpback Targeting Computer > --- WEAPON (2) ------- Improved EM Shotgun Heavy Hammer > --- INVENTORY (24) --- Ion Engine Ion Engine Light Treads Light Treads Light Treads Improved Treads Large Storage Unit Large Storage Unit Large Storage Unit Humpback High-capacity Battery (400) High-capacity Matter Pod (190) Shield Generator Improved EM Shotgun Improved EM Shotgun Improved EM Shotgun Autogun Rocket Launcher Peak State ------------ > --- POWER ------------ Improved Ion Engine > --- PROPULSION ------- Light Treads Light Treads > --- UTILITY ---------- Heat Sink Medium Storage Unit Large Storage Unit Targeting Computer > --- WEAPON ----------- Improved EM Shotgun Improved EM Shotgun > --- INVENTORY -------- Ion Engine Light Treads Light Treads Light Treads High-capacity Matter Pod Improved EM Shotgun Improved EM Shotgun Improved EM Shotgun Improved EM Shotgun Small Laser Autogun Rocket Launcher Mining Laser [Rating: 16] Favorites ----------- Power Ion Engine Engine Ion Engine Propulsion Light Treads Treads Light Treads Wheel Wheel Utility Large Storage Unit Device Heat Sink Storage Large Storage Unit Processor Targeting Computer Protection Light Armor Plating Weapon Improved EM Shotgun Energy Gun Improved EM Shotgun Energy Cannon Light EM Pulse Cannon Ballistic Gun Assault Rifle Launcher Rocket Launcher Special Weapon Mining Laser Impact Weapon Heavy Hammer Build | -11 -10 -10 -9 -9 -9 ------- Run | Scr Mat Min Mat Min Exi Slots Evolved 2 | . . . 2 . . Power . | . . . . . . Propulsion . | . . . . . . Utility 2 | . . . 2 . . Weapon . | . . . . . . Parts Attached 46 | 7 3 6 26 2 2 Power 3 | 1 . 1 1 . . Engine 3 | 1 . 1 1 . . Core . | . . . . . . Reactor . | . . . . . . Propulsion 9 | 2 . 2 5 . . Treads 7 | . . 2 5 . . Leg . | . . . . . . Wheel 2 | 2 . . . . . Hover . | . . . . . . Flight . | . . . . . . Utility 10 | 2 2 . 5 . 1 Device 1 | . . . 1 . . Storage 7 | 2 2 . 2 . 1 Processor 1 | . . . 1 . . Hackware . | . . . . . . Protection 1 | . . . 1 . . Artifact . | . . . . . . Weapon 24 | 2 1 3 15 2 1 Energy Gun 10 | 1 1 . 6 2 . Energy Cannon 3 | . . . 3 . . Ballistic Gun 5 | 1 . 2 2 . . Ballistic Cannon . | . . . . . . Launcher 3 | . . 1 2 . . Special Weapon 1 | . . . 1 . . Impact Weapon 2 | . . . 1 . 1 Slashing Weapon . | . . . . . . Piercing Weapon . | . . . . . . Special Melee Weapon . | . . . . . . Unidentified Prototypes 2 | . . . 2 . . Parts Lost 8 | . 1 . 5 2 . Power 1 | . . . 1 . . Propulsion . | . . . . . . Utility 1 | . . . 1 . . Weapon 6 | . 1 . 3 2 . Highest Loss Streak 2 | . 1 . 1 2 . Average Slot Usage (%) 94 | . 99 99 95 99 89 Engine 12 | . 14 14 11 11 11 Treads 21 | . . 27 22 22 22 Wheel 2 | . 28 . . . . Device 6 | . . . 8 11 11 Storage 20 | . 28 28 22 22 11 Processor 5 | . . . 4 11 11 Protection 1 | . . . 4 . . Energy Gun 11 | . 13 . 11 21 19 Ballistic Gun 9 | . 14 27 4 . . Impact Weapon 1 | . . . 1 . 2 Naked Turns . | . . . . . . Heaviest Build 92 | 16 33 36 44 44 92 Greatest Support 40 | 20 20 40 40 40 40 Greatest Overweight (x) 3 | 3 1 1 1 1 2 Average Overweight (x) . | . . . . 1 1 Largest Inventory Capacity 24 | 8 14 14 16 16 24 Average Capacity 16 | 6 12 14 14 16 23 Most Carried 19 | 8 14 14 15 16 19 Average Carried 15 | 2 10 13 13 15 18 Final Capacity 24 | 8 14 14 16 16 24 Final Carried 19 | 8 14 14 15 14 19 Class Distribution -------------------- 41% | Scavenger-Mutant 30% | Hauler-Mutant 28% | Mutant Dominant Class ---------------- Mutant | -10/Materials Scavenger-Mutant | -10/Mines Scavenger-Mutant | -9/Materials Mutant | -9/Mines Hauler-Mutant | -9/Exiles Resources | -11 -10 -10 -9 -9 -9 ----------- Run | Scr Mat Min Mat Min Exi Matter Collected 1193 | 194 136 430 378 45 10 Remotely . | . . . . . . Salvage Created 1578 | 84 148 82 1085 179 . Parts 92 | 8 8 10 58 8 . Haulers Intercepted 4 | . 1 . 3 . . Recyclers Shooed 1 | . 1 . . . . Parts Field Recycled . | . . . . . . Retrieved Matter . | . . . . . . Parts Self-Destructed . | . . . . . . Prevented . | . . . . . . Kills | -11 -10 -10 -9 -9 -9 ------- Run | Scr Mat Min Mat Min Exi Combat Hostiles Destroyed 36 | . 5 4 22 5 . Guns 19 | . 5 1 8 5 . Cannons 1 | . . . 1 . . AOE 15 | . . 3 12 . . Classes Destroyed 10 | 2 3 1 3 1 . Worker 3 | . . . 3 . . Builder 3 | . . 1 2 . . Tunneler 1 | 1 . . . . . Hauler 4 | . 1 . 3 . . Recycler 3 | 1 . . 2 . . Watcher 1 | . . . 1 . . Swarmer 12 | . 3 3 6 . . Grunt 16 | . 2 1 11 2 . Sentry 5 | . . . 5 . . Assembled 2 | . . . . 2 . Best Kill Streak 7 | 2 4 3 7 3 . Combat Bots Only 5 | . 3 3 5 3 . Max Kills in Single Turn 4 | 1 1 2 4 1 . Gunslinging . | . . . . . . Exploded 3 | . . 2 3 . . Melee . | . . . . . . Uniques/NPCs Destroyed 1 | . . . . 1 . YI-UF0 (-9/Mines) Combat | -11 -10 -10 -9 -9 -9 -------- Run | Scr Mat Min Mat Min Exi Damage Taken 1492 | . 205 220 773 270 24 Core 148 | . 35 45 68 . . Absorbed by Shields . | . . . . . . Core Remaining (%) 84 | 100 . 68 . . . Volleys Fired 125 | 4 27 10 74 10 . Largest 2 | 2 2 2 2 2 . Hottest 101 | 60 70 43 101 90 . Shots Fired 224 | 8 53 18 127 18 . Gun 184 | 8 53 16 89 18 . Cannon 25 | . . . 25 . . Launcher 12 | . . 2 10 . . Special 3 | . . . 3 . . Kinetic 68 | 4 27 16 21 . . Thermal 33 | 4 26 . 3 . . Explosive 12 | . . 2 10 . . Electromagnetic 111 | . . . 93 18 . Robot Hit Streak 16 | 4 8 4 16 10 . Robot Miss Streak 6 | 1 3 2 6 2 . Penetration Max . | . . . . . . Secondary Targets . | . . . . . . Shots Hit Robots 152 | 5 35 11 84 16 1 Core Hits 81 | 3 10 7 52 9 . Critical Hits 1 | . . . . 1 . Critical Kills 1 | . . . . 1 . Critical Parts Destroyed . | . . . . . . Melee Attacks 64 | . . . 6 . 58 Impact 64 | . . . 6 . 58 Slashing . | . . . . . . Piercing . | . . . . . . Sneak Attacks . | . . . . . . Combat Hostiles . | . . . . . . Follow-up Attacks . | . . . . . . Damage Inflicted 4105 | 68 364 354 3066 220 33 Guns 1727 | 68 364 138 937 220 . Cannons 295 | . . . 295 . . Explosions 2050 | . . 216 1834 . . Melee 33 | . . . . . 33 Ramming . | . . . . . . Kinetic 492 | 37 150 138 167 . . Thermal 1543 | 31 214 . 1298 . . Explosive 752 | . . 216 536 . . Electromagnetic 1285 | . . . 1065 220 . Impact 33 | . . . . . 33 Slashing . | . . . . . . Piercing . | . . . . . . Highest Corruption . | . . . . . . Average Corruption . | . . . . . . Corruption Purged . | . . . . . . Overload Shots . | . . . . . . Overflow Damage 291 | . . 13 278 . . Projectiles . | . . . . . . Explosions 291 | . . 13 278 . . Melee . | . . . . . . Knockbacks . | . . . . . . Impact . | . . . . . . Kinetic . | . . . . . . Secondary . | . . . . . . Self-Inflicted Damage 150 | . . 69 81 . . Shots 4 | . . 2 2 . . Rammed . | . . . . . . Targets Rammed . | . . . . . . Kicked . | . . . . . . Crushed . | . . . . . . Highest Temperature 84 | . 54 4 84 3 . Average Temperature 18 | . 27 4 18 3 . Received Heat Transfer 425 | . 48 81 270 6 20 Siege Activations . | . . . . . . Robots Corrupted 2 | . . . 2 . . Combat Hostiles 1 | . . . 1 . . Parts Fried 10 | . . . 10 . . Impact Corruptions . | . . . . . . Robots Melted . | . . . . . . Combat Hostiles . | . . . . . . Parts Melted . | . . . . . . Heat Transferred 1548 | 75 523 . 950 . . Parts Sabotaged . | . . . . . . Parts Stolen . | . . . . . . Parts Stripped . | . . . . . . Power Chain Reactions 7 | . . . 7 . . Missiles Intercepted . | . . . . . . Alert | -11 -10 -10 -9 -9 -9 ------- Run | Scr Mat Min Mat Min Exi Peak Influence 479 | 10 120 146 479 256 . Average Influence 147 | 2 66 40 269 238 . Maximum Alert Level 2 | . . . 2 1 . Low Security (%) 67 | 100 100 100 36 . . Level 1 22 | . . . 37 100 . Level 2 10 | . . . 26 . . Level 3 . | . . . . . . Level 4 . | . . . . . . Level 5 . | . . . . . . High Security . | . . . . . . Max Security . | . . . . . . Squads Dispatched 1 | . . . 1 . . Investigation . | . . . . . . Extermination . | . . . . . . Reinforcement 1 | . . . 1 . . Assault . | . . . . . . Garrison . | . . . . . . Intercept . | . . . . . . Construction Impeded . | . . . . . . Haulers Reinforced . | . . . . . . Stealth | -11 -10 -10 -9 -9 -9 --------- Run | Scr Mat Min Mat Min Exi Distress Signals 3 | . . . 3 . . Communications Jammed . | . . . . . . Distress Signals . | . . . . . . Times Spotted 62 | . 6 7 39 7 3 Peak Tracking Total 9 | . 4 3 9 6 9 Tactical Retreats 3 | . . 1 2 . . Traps | -11 -10 -10 -9 -9 -9 ------- Run | Scr Mat Min Mat Min Exi Traps Triggered . | . . . . . . Indirectly . | . . . . . . Trap Hack Attempts . | . . . . . . Triggered . | . . . . . . Disarmed . | . . . . . . Reprogrammed . | . . . . . . Reused . | . . . . . . Traps Extracted . | . . . . . . Installed . | . . . . . . Triggered . | . . . . . . Machines | -11 -10 -10 -9 -9 -9 ---------- Run | Scr Mat Min Mat Min Exi Machines Disabled 18 | . . 3 13 1 1 Max in Single Turn 7 | . . 3 7 1 1 Machines Sabotaged . | . . . . . . Garrisons Compromised . | . . . . . . Overloaded Fab Kills . | . . . . . . Fab Network Shutdowns . | . . . . . . Hacking | -11 -10 -10 -9 -9 -9 --------- Run | Scr Mat Min Mat Min Exi Machines Accessed 7 | . 2 1 4 . . Terminals 7 | . 2 1 4 . . Fabricators . | . . . . . . Repair Stations . | . . . . . . Recycling Units . | . . . . . . Scanalyzers . | . . . . . . Garrison Access . | . . . . . . Total Hacks 15 | . 3 1 11 . . Successful 10 | . 3 . 7 . . Failed 5 | . . 1 4 . . Catastrophic 2 | . . . 2 . . Database Lockouts . | . . . . . . Manual 10 | . 3 1 5 . 1 Terminals 15 | . 3 1 11 . . Fabricators . | . . . . . . Repair Stations . | . . . . . . Recycling Units . | . . . . . . Scanalyzers . | . . . . . . Garrison Access . | . . . . . . Terminal Hacks 10 | . 3 . 7 . . Part Schematic 2 | . 1 . 1 . . Robot Analysis 1 | . . . 1 . . Branch Access Points 1 | . 1 . . . . Alert Level 1 | . . . 1 . . Unreport Threat 1 | . . . 1 . . Locate Traps 3 | . 1 . 2 . . Zone Layout 1 | . . . 1 . . Fabricator Hacks . | . . . . . . Repair Station Hacks . | . . . . . . Recycling Unit Hacks . | . . . . . . Scanalyzer . | . . . . . . Garrison Access Hacks . | . . . . . . Unauthorized Hacks . | . . . . . . Terminals . | . . . . . . Fabricators . | . . . . . . Repair Stations . | . . . . . . Recycling Units . | . . . . . . Scanalyzers . | . . . . . . Garrison Access . | . . . . . . Data Cores Recovered . | . . . . . . Used . | . . . . . . Hacking Detections 7 | . 2 1 4 . . Full Trace Events . | . . . . . . Feedback Events . | . . . . . . Feedback Blocked . | . . . . . . Robot Schematics Acquired . | . . . . . . Robots Built . | . . . . . . Matter . | . . . . . . Time . | . . . . . . Total Robot Build Rating . | . . . . . . Part Schematics Acquired 1 | . 1 . . . . Parts Built . | . . . . . . Matter . | . . . . . . Time . | . . . . . . Total Part Build Rating . | . . . . . . Parts Repaired . | . . . . . . Time . | . . . . . . Parts Recycled . | . . . . . . Recycled Matter . | . . . . . . Retrieved Matter . | . . . . . . Retrieved Components . | . . . . . . Parts Scanalyzed . | . . . . . . Part Schematics Acquired . | . . . . . . Parts Damaged . | . . . . . . Bothacking | -11 -10 -10 -9 -9 -9 ------------ Run | Scr Mat Min Mat Min Exi Used RIF Installer . | . . . . . . Robots Hacked . | . . . . . . Non-combat . | . . . . . . Combat . | . . . . . . Robot Hacks Applied . | . . . . . . Relay Couplers Released . | . . . . . . Robots Rewired . | . . . . . . Allies Hacked . | . . . . . . Hacks Repelled . | . . . . . . Allies | -11 -10 -10 -9 -9 -9 -------- Run | Scr Mat Min Mat Min Exi Total Allies . | . . . . . . Largest Group . | . . . . . . Highest-Rated Group . | . . . . . . Highest-Rated Ally . | . . . . . . Total Orders . | . . . . . . Ally Attacks . | . . . . . . Total Damage . | . . . . . . Kills . | . . . . . . Allies Corrupted . | . . . . . . Allies Melted . | . . . . . . Intel | -11 -10 -10 -9 -9 -9 ------- Run | Scr Mat Min Mat Min Exi Robot Analysis Total 1 | . . . 1 . . Derelict Logs Recovered 2 | . . 1 . 1 . Drone Launches . | . . . . . . Drone Recoveries . | . . . . . . Exploration | -11 -10 -10 -9 -9 -9 ------------- Run | Scr Mat Min Mat Min Exi Turns Passed 4516 | 75 335 1185 1152 256 1513 Spaces Moved 2253 | 46 255 669 499 120 664 Core 13 | 13 . . . . . Treads 1945 | . . 662 499 120 664 Legs . | . . . . . . Wheels 295 | 33 255 7 . . . Hover . | . . . . . . Flight . | . . . . . . Fastest Speed 50 | 50 80 90 160 180 160 Average Speed 163 | 95 87 159 166 180 197 Slowest Speed 200 | 200 90 180 180 180 200 Overloaded Moves . | . . . . . . Propulsion Burnouts . | . . . . . . Robots Hopped . | . . . . . . Cave-ins Triggered . | . . . . . . Exploration Rate (%) 51 | 4 35 94 56 25 92 Regions Visited 5 Branch Regions 3 Pre-discovered Areas 1 | . . . . 1 . Known Exits Taken 2 | . 1 1 . . . Unknown Exits Taken 3 | 1 . . 1 1 . Scrap Searched 2 | . . 2 . . . Spaces Dug 28 | . . . 8 . 20 Terrain Destroyed 124 | . . 12 92 . 20 Melee 25 | . . . 5 . 20 Projectile 3 | . . . 3 . . AOE 96 | . . 12 84 . . Actions | -11 -10 -10 -9 -9 -9 --------- Run | Scr Mat Min Mat Min Exi Total 2725 | 65 317 776 676 142 749 Wait 150 | . 16 72 43 10 9 Move 2248 | 45 254 668 498 119 664 Hop . | . . . . . . Pick Up 58 | 9 11 8 15 1 14 Fast Attach 11 | 6 . 3 1 . 1 Attach 12 | 1 1 . 8 2 . Detach . | . . . . . . Swap 23 | . 2 3 17 . 1 Drop 34 | . 6 12 14 . 2 Fire 125 | 4 27 10 74 10 . Melee 64 | . . . 6 . 58 Ram . | . . . . . . Kick . | . . . . . . Crush . | . . . . . . Escape Stasis . | . . . . . . Rewire . | . . . . . . Trap . | . . . . . . Miscellaneous . | . . . . . . Route ------- -11/Scrapyard -10/Materials (discovered 3 exits: *Mat / *Min x2) -10/Mines (discovered 2 exits: *Mat x2) -9/Materials -9/Mines -9/Exiles (discovered 1 exit: [*Min]) History --------- Turn | Location | Event 16 | -11/Scrapyard | Discovered new exit (range 16) 76 | -11/Scrapyard | Entered Materials 305 | -10/Materials | Build established: Mutant 369 | -10/Materials | Discovered new exit (range 7) 378 | -10/Materials | Identified exit to Mines 411 | -10/Materials | Entered Mines 413 | -10/Mines | Joined a pair of Derelicts in attacking an 0b10 outpost 453 | -10/Mines | Met a Derelict bent on vengeance 722 | -10/Mines | Build established: Scavenger-Mutant 736 | -10/Mines | Received a Rocket Launcher from a helpful Derelict 859 | -10/Mines | Discovered new exit (range 9) 1126 | -10/Mines | Identified exit to Materials 1596 | -10/Mines | Entered Materials 1596 | -9/Materials | Evolved 2 slots: Utility x2 2617 | -9/Materials | Discovered new exit (range 15) 2748 | -9/Materials | Entered Mines 2804 | -9/Mines | Build established: Mutant 2872 | -9/Mines | Deemed a non-threat by the Exiles lab entrance 2872 | -9/Mines | Discovered new exit (range 5) 2924 | -9/Mines | Assembled infested the area 2964 | -9/Mines | Destroyed YI-UF0 2972 | -9/Mines | Met 8R-AWN 3004 | -9/Mines | Entered Exiles 3048 | -9/Exiles | Welcomed by 8R-AWN 3078 | -9/Exiles | Met EX-HEX 3236 | -9/Exiles | Met EX-DEC 3338 | -9/Exiles | Discovered new exit (range 11) 3457 | -9/Exiles | Build established: Hauler-Mutant 3477 | -9/Exiles | Visited The Gauntlet 3868 | -9/Exiles | Met EX-BIN 4487 | -9/Exiles | Attacked by the Exiles 4517 | -9/Exiles | Self-destructed Last Messages --------------- it to you or anyone else we have a bead on, and you process that locally together with our algorithms to determine their precise locations! It's pretty reliable so far, and once we've tweaked it to perfection it'll be much safer for us to move around anywhere in the complex. Want in on the action? Just step right into the FarCom Aligner and I'll do the rest. Now, I'll admit there could be side effects, but if you're willing to participate in the trials you can have one of our prototypes. How's that for a sweet deal? 03870_ EX-BIN: "Please do it. The faster we get more data and tweak this thing to perfection, the faster I can get back to my spacelab designs." 03980_ Connecting with DEC's Terminal... 03980_ Current location identified: Exiles 04026_ Connecting with HEX's Terminal... 04333_ Connecting with EX-Vault Access... >>\\1234 Not this time, boltface! 04486_ EX-Vault Access disabled. 04487_ EXILES: Hostile robot within lab perimeter. Defensive protocols time, folks! Map ----- +----------------------------------------------------+ | | | | | | | | | | | | | | | | | | | | | | | | | | | | | | | | | | | | | | | | | | | | | ??????????????# #???????# #??????????????????????? | | ??????????????# #???????# #??????????????????????? | | ??????????????# #???????# #??????????????????????? | | ??????????????# #???????#@#??????????????????????? | | ??????????????# #???????#a#??????????????????????? | | ??????????????# #########a#??????????????????????? | | ??????????????##" "a##??????????????????????? | | ???????????????##" ###???????????????????????? | | ????????????????## #?????????????????????????? | | ?????????????????# #########?????????????????? | | ?????????????????# ##""""""#?????????????????? | | ?????????????????# ## """#?????????????????? | | ?????????????????# X""#?????????????????? | | ?????????????????# ## """#?????????????????? | | ?????????######### ##""""""#?????????????????? | | ?????????#""""""## #########?????????????????? | | ?????????#"""" ## #?????????????????????????? | | ?????????#""X" #?????????????????????????? | | ?????????#" #?????????????????????????? | | ?????????#" ## #?????????????????????????? | | ?????????#""""""## #??####???????????????????? | | ?????????##"###### #?#""""""?????????????????? | | ????????? "?????# #?#"""""""????????????????? | | ????????"""??????# #?#"""""""#???????????????? | | ????????"""?????## ###"" """"#???????????????? | | ????????????????#" """"#???????????????? | | ????????????????#" """#?###???????????? | | ????????????????#" """###"###?????????? | +----------------------------------------------------+ Best States ------------- Heat Dissipation 38 Energy Generation 12 Energy Capacity 265 Matter Stores 300 Matter Capacity 300 Sight Range 16 Terrain Scan Density 10 Armor Coverage 150 Evasion (%) 44 Targeting Accuracy 5 Recoil Reduction 2 Item Schematics ----------------- Hcp. Storage Unit | -10/Materials | Hacked Robot Schematics ------------------ None Fabricated ------------ Nothing Alien Tech Used ----------------- None Achievements -------------- None Challenges ------------ None Game ------ Seed MolecularIntegrityAirjet Manual? 0 Play Time 00:32:47 Cumulative 134.5 hours Start 2020.08.26 @ 15:22:48 End 2020.08.26 @ 16:11:13 Sessions 1 Manual Loads 0 Difficulty Rogue Special Mode None Game No. 163 Rogue 163 Adventurer 0 Explorer 0 Win Type - Total 2 Types 2/0/0/0/0/0/0 Lore% 51 Gallery% 67 Achievement% 47 Wizard Run 0 Options --------- ASCII 0 Keyboard 0 Movement Numpad Keybinds 0 Fullscreen 2 Font 24/Smallcaps Map View 76x50 Tactical HUD 1 Map Filters NONE Filters NONE Steam 1 RUN: 8e0801da-9e69-44af-a1af-69bbf92e3d25